[Event "Torneo Nuevo Centro. Jornada 10"]
[Site "Chess.com"]
[Date "2020.08.21"]
[Round "1"]
[White "Bercaru, Vlad Ionut"]
[Black "Leal Uribe, Jhonny Alberto"]
[Result "0-1"]
[WhiteElo "1760"]
[BlackElo "2451"]
[TimeControl "180+2"]
[EndTime "10:38:09 PDT"]
[Termination "Victoria de jhonnyuribe por jaque mate"]

1. c4 e5 2. Nc3 Nc6 3. Nf3 a6 4. d4 exd4 5. Nxd4 Nf6 6. g3 Bc5 7. Nxc6 bxc6 8. Bg2 O-O 9. O-O h6 10. Bf4 Rb8 11. Qc2 Bb7 12. Ne4 Be7 13. Rfd1 d6 14. c5 d5 15. Nxf6+ Bxf6 16. e4 Qd7 17. exd5 cxd5 18.
Rac1 Bc6 19. b3 a5 20. Bd2 a4 21. Bc3 axb3 22. axb3 Bg5 23. f4 Be7 24. Bd4 f6 25. Kh1 Rb4 26. Bc3 Rb7 27. b4 Rd8 28. Qd3 Bf8 29. Qd4 Qf5 30. Re1 Rbb8 31. Re2 Bb5 32. Rd2 c6 33. Bf1 Bxf1 34. Rxf1 Re8 35. Rfd1 Re4 36.
Qd3 Rbe8 37. b5 d4 38. Bxd4 Qd5 39. bxc6 Rxd4+ 40. Kg1 Rxd3 41. Rxd3 Bxc5+ 42. Kf1 Qh1# 0

[Event "Torneo Nuevo Centro. Jornada 10"]
[Site "Chess.com"]
[Date "2020.08.21"]
[Round "1"]
[White "Escalona Moncholi, Felix"]
[Black "Garrido Silos, Pablo"]
[Result "1-0"]
[WhiteElo "2073"]
[BlackElo "1455"]
[TimeControl "180+2"]
[EndTime "10:38:15 PDT"]
[Termination "Victoria de SchachSpielerESP por jaque mate"]

1. e4 e6 2. d4 d5 3. Bd3 dxe4 4.
Bxe4 Nf6 5. Bf3 Be7 6. Ne2 O-O 7. c4 c6 8. O-O Nbd7 9. Nbc3 Re8 10. Re1 Nf8 11. Bf4 Ng6 12. Bg3 Bd6 13. Qd2 Bxg3 14. hxg3 Qc7 15. Rad1 Bd7 16. Qc2 Rad8 17. Ne4 Nxe4 18.
Bxe4 b6 19. b3 c5 20. d5 exd5 21. cxd5 Bb5 22. Nc3 Ba6 23. a4 Bb7 24. Nb5 Qd7 25. Nxa7 Bxd5 26. Rxd5 Qxa7 27. Red1 Rxd5 28. Bxd5 Qc7 29.
Qf5 Re7 30. Bc4 Ne5 31. Bb5 f6 32. f4 Ng6 33. Qd5+ Kf8 34. Bc4 Ke8 35. Qa8+ Qd8 36. Qxd8# 1

[Event "Torneo Nuevo Centro. Jornada 10"]
[Site "Chess.com"]
[Date "2020.08.21"]
[Round "1"]
[White "Sanchis Bon, Sergi"]
[Black "Gómez Alonso, Óscar"]
[Result "0-1"]
[WhiteElo "1003"]
[BlackElo "1851"]
[TimeControl "180+2"]
[EndTime "10:38:18 PDT"]
[Termination "Victoria de osgo78 por jaque mate"]

1. e4 c5 2. Qf3 Nc6 3. Bc4 e6 4.
c3 Ne5 5. Qe2 Nxc4 6. Qxc4 d5 7.
exd5 exd5 8. Qe2+ Qe7 9. Na3 Bd7 10. Qxe7+ Bxe7 11. Nf3 Nf6 12. Ne5 Bc6 13. Nxc6 bxc6 14.
O-O O-O 15. Re1 Bd6 16. d4 cxd4 17. cxd4 Bxa3 18. bxa3 Rfe8 19. Bd2 Rab8 20. g3 Ne4 21. Ba5 Rb5 22. f3 Rxa5 23. fxe4 dxe4 24. Rab1 Rb5 25. a4 Rb6 26. a5 Rb5 27. a4 Rxa5 28. Rb2 f5 29. Reb1 Re7 30. Rb8+ Kf7 31. Rf1 g6 32. g4 Ke6 33. gxf5+ gxf5 34. Rh8 Rxa4 35. Rc1 Kd6 36. Rf8 Ra5 37. Rf6+ Re6 38. Rxe6+ Kxe6 39. Rxc6+ Kd5 40.
Rc7 Kxd4 41. Rxh7 f4 42. Rh4 Ke3 43. Rh3+ f3 44. Kf1 Ra1# 0

[Event "Torneo Nuevo Centro. Jornada 10"]
[Site "Chess.com"]
[Date "2020.08.21"]
[Round "1"]
[White "Ortiz Benavent, Alba"]
[Black "Cantero Navarro, Antonio"]
[Result "0-1"]
[WhiteElo "1208"]
[BlackElo "1888"]
[TimeControl "180+2"]
[EndTime "10:38:29 PDT"]
[Termination "Victoria de aprendis65 por jaque mate"]

1. d4 d5 2. Nf3 Nf6 3. Bf4 c5 4. e3 Nc6 5. c3 Qb6 6. Qb3 c4 7. Qxb6 axb6 8. a3 b5 9. Nbd2 b4 10. cxb4 Nxb4 11. Rc1 Nc6 12. Be2 b5 13. O-O b4 14.
axb4 Nxb4 15. Ra1 Ra6 16. Rxa6 Bxa6 17. Ne5 Nd7 18. Nxd7 Kxd7 19. Ra1 e6 20. Nf3 f6 21.
Bd1 Bd6 22. Ba4+ Ke7 23. Bxd6+ Kxd6 24. Nd2 Ra8 25. Bd1 Nd3 26. Ra2 Bb7 27. Rxa8 Bxa8 28. Bc2 Nxb2 29. Bxh7 f5 30. Bg6 c3 31. Nb3 Bc6 32.
Nc1 Bb5 33. f3 c2 34. Kf2 Nd3+ 35. Nxd3 Bxd3 36. Ke1 c1=Q+ 37. Kf2 Qd2+ 38. Kg3 Qxe3 39. h3 f4+ 40. Kh2 Bxg6 41. h4 Bh5 42. Kh3 Qg1 43. g4 Qh1# 0

[Event "Torneo Nuevo Centro. Jornada 10"]
[Site "Chess.com"]
[Date "2020.08.21"]
[Round "1"]
[White "Macias Pino, Diego"]
[Black "Beneyto de Ramon, Guillermo"]
[Result "1-0"]
[WhiteElo "2229"]
[BlackElo "1665"]
[TimeControl "180+2"]
[EndTime "10:38:38 PDT"]
[Termination "Victoria de adivinaquiensoy por tiempo"]

1. d4 d5 2. Nf3 e6 3. Bf4 c6 4. e3 f5 5. c4 Nf6 6. Nc3 Bd6 7. Ne5 Bxe5 8. Bxe5 O-O 9. Be2 Ne4 10.
f3 Nxc3 11. bxc3 Nd7 12. Bg3 Nf6 13. Qd2 Nh5 14. Be5 Nf6 15. O-O b6 16. a4 Bb7 17.
Rfb1 Qd7 18. a5 Qd8 19. Qb2 Nd7 20. Bg3 Rb8 21. Bxb8 Qxb8 22. axb6 axb6 23. c5 b5 24. Bxb5 Qc7 25. Ba6 Bc8 26. Bxc8 Rxc8 27. Qb7 Qd8 28. Ra7 Rb8 29. Qxd7 Rxb1+ 30. Kf2 Qh4+ 31. Ke2 Rb2+ 32. Kd3 Rd2+ 33. Kxd2 Qf2+ 34. Kd3 Qf1+ 35. Kc2 Qe2+ 36.
Kb3 Qc4+ 37. Kb2 Qb5+ 38. Ka3 1

[Event "Torneo Nuevo Centro. Jornada 10"]
[Site "Chess.com"]
[Date "2020.08.21"]
[Round "1"]
[White "Maestre Soler, Sergio"]
[Black "De Nacimiento Montano, Antonio"]
[Result "0-1"]
[WhiteElo "926"]
[BlackElo "1842"]
[TimeControl "180+2"]
[EndTime "10:39:38 PDT"]
[Termination "Victoria de Twitch_adn4815 por jaque mate"]

1. e4 c5 2. Bc4 e6 3. d4 cxd4 4. Qxd4 a6 5. Nf3 b5 6. Bb3 Bb7 7. Nc3 Qc7 8. O-O d6 9. e5 Nc6 10. exd6 Qxd6 11. Qb6 Rb8 12. h3 Nf6 13. Qe3 Be7 14. a4 b4 15. Ne4 Nxe4 16. Qxe4 O-O 17. c3 a5 18. Bc2 g6 19. Ng5 h6 20. Nf3 Nd8 21. Qd4 Qxd4 22. cxd4 Kg7 23. b3 Bxf3 24. Bb2 Bf6 25. gxf3 Nc6 26. f4 Nxd4 27. Bxd4 Bxd4 28. Rad1 Bc3 29. Rd3 Rfc8 30. Rfd1 Rc7 31. Rg3 Rbc8 32. Rf1 Bd4 33. h4 Rxc2 34. f5 exf5 35. Rd3 Bc3 36. h5 g5 37. Rd7 Re8 38. Ra7 Ree2 39. Kg2 Bd4 40. Rd7 Rxf2+ 41. Rxf2 Rxf2+ 42. Kg3 Rd2 43. Ra7 Bxa7 44. Kf3 Rd3+ 45. Ke2 Rxb3 46. Kd2 Rc3 47.
Kd1 Bd4 48. Ke2 b3 49. Kd2 b2 50. Kd1 b1=Q+ 51. Ke2 Qb2+ 52. Ke1 Rc1# 0

[Event "Torneo Nuevo Centro. Jornada 10"]
[Site "Chess.com"]
[Date "2020.08.21"]
[Round "1"]
[White "Serarols Mabras, Bernat"]
[Black "Pardo Ruiz, Carlos"]
[Result "1-0"]
[WhiteElo "2381"]
[BlackElo "1690"]
[TimeControl "180+2"]
[EndTime "10:39:45 PDT"]
[Termination "Victoria de bernatserarols por jaque mate"]

1. d4 c5 2. d5 Nf6 3. c4 b5 4. cxb5 a6 5. bxa6 Bxa6 6. Nc3 d6 7. g3 g6 8. Bg2 Bg7 9. Nf3 O-O 10. O-O Nbd7 11.
Rb1 Qb6 12. Qc2 Rfb8 13. Re1 Bc4 14. Nd2 Bxa2 15. Nxa2 Rxa2 16. Nc4 Qb4 17. Bd2 Qb7 18. e4 Rba8 19. e5 Ne8 20. e6 Nb6 21. exf7+ Kxf7 22. Qb3 R2a6 23. h4 Rb8 24. Na5 Qa8 25. Nc6 Rb7 26. h5 gxh5 27. Qf3+ Kg8 28.
Qxh5 Nf6 29. Qg5 Qf8 30. Bc3 Na4 31. Bxf6 Qxf6 32. Nxe7+ Rxe7 33. Qg4 Ra8 34. Bh3 Rxe1+ 35. Rxe1 Rf8 36. Re2 Nxb2 37. Qh5 Nd3 38. Be6+ Kh8 39.
Kg2 Ne5 40. f4 Ng6 41. Qh1 Qd4 42. Qe1 Ra8 43. Bf7 Nf8 44. Re8 Rxe8 45. Qxe8 Qd2+ 46. Kh3 c4 47. Be6 c3 48. Qf7 Nxe6 49. dxe6 c2 50. Qe8+ Bf8 51. Qxf8# 1

[Event "Torneo Nuevo Centro. Jornada 10"]
[Site "Chess.com"]
[Date "2020.08.21"]
[Round "1"]
[White "Birnoveanu, Petru"]
[Black "Valmaña Cantó, Jaime"]
[Result "0-1"]
[WhiteElo "1714"]
[BlackElo "2409"]
[TimeControl "180+2"]
[EndTime "10:39:57 PDT"]
[Termination "Victoria de barberbirborbur por tiempo"]

1. e4 e6 2. Nf3 d5 3. Nc3 c6 4. d4 Nd7 5. exd5 cxd5 6. h4 Ngf6 7. h5 h6 8. Be3 Bb4 9. a3 Bxc3+ 10. bxc3 Nb6 11.
Bd3 Qc7 12. Bd2 Nc4 13. Bxc4 Qxc4 14. Qe2 Qxe2+ 15. Kxe2 b6 16. Ne5 Ba6+ 17. Ke3 Rc8 18. f3 Nd7 19. Nxd7 Kxd7 20. g4 f6 21. f4 Rhf8 22. Rhg1 Rce8 23. Rae1 e5 24. dxe5 fxe5 25. fxe5 Rxe5+ 26. Kd4 Rxe1 27. Rxe1 Rf2 28. Be3 Rg2 29. Kxd5 Rxg4 30. Rd1 Bb7+ 31. Ke5+ Ke7 32. Bf4 Rh4 33. Rg1 Rxh5+ 34. Kd4 g5 35. Bb8 Rh4+ 36. Ke3 Re4+ 37.
Kd3 a6 38. Ba7 b5 39. Bd4 g4 40. c4 bxc4+ 41. Kxc4 h5 42. Kd3 h4 43. Bc5+ Ke6 44.
Bf2 h3 45. Bg3 Ra4 46. Bh2 Rxa3+ 47. Kd2 Bf3 48. Re1+ Kd7 49. Re3 Rxe3 50. Kxe3 Kc6 51. Kd4 Kb5 52. Kc3 Kc5 53. Kb3 Kd4 0

[Event "Torneo Nuevo Centro. Jornada 10"]
[Site "Chess.com"]
[Date "2020.08.21"]
[Round "1"]
[White "Chofre Murcia, Adrián"]
[Black "Kovacevic, Slobodan"]
[Result "0-1"]
[WhiteElo "1674"]
[BlackElo "2323"]
[TimeControl "180+2"]
[EndTime "10:40:00 PDT"]
[Termination "Victoria de nikko110 por abandono"]

1. e4 c5 2. Nc3 e6 3. Nf3 a6 4. Be2 b5 5. a3 Bb7 6. O-O b4 7.
axb4 cxb4 8. Na2 Bxe4 9. d3 Bb7 10. Bd2 Nc6 11. Re1 Nf6 12. c3 bxc3 13. bxc3 Be7 14. Qb3 Qc7 15. g3 O-O 16. Bf4 d6 17. Nb4 Nxb4 18.
Qxb4 Nd5 19. Qb3 Nxc3 20. Bf1 Nd5 21. Rec1 Qd7 22. Bd2 Bf6 23. Rab1 Bc6 24. Bg2 h6 25. Rc2 Ba4 26. Qa2 Bxc2 27. Qxc2 a5 28. d4 a4 29. Qc4 Rfc8 30. Qa2 Nc3 31. Bxc3 Rxc3 32. Nd2 d5 33. Qb2 Rac8 34. Bf1 Rc2 35. Qb4 Be7 36. Qa5 a3 37. Bd3 Rb2 38. Rxb2 axb2 39. Qa2 Rb8 40. Qa6 Bf6 41. Qa5 g6 42. Qa3 Kg7 43. Qa2 Bxd4 44.
Qb1 Qa7 45. Kg2 Bxf2 46. Qc2 Bd4 47. Nf3 Bf6 48. Nd2 Qe3 49. Qd1 Qxd3 50. Qe1 Bc3 51.
Qf2 Qxd2 52. Qxd2 Bxd2 53. Kf3 b1=Q 54. Ke2 Qe1+ 55. Kd3 Qe3+ 56. Kc2 Rc8+ 57. Kb2 Qc3+ 0

[Event "Torneo Nuevo Centro. Jornada 10"]
[Site "Chess.com"]
[Date "2020.08.21"]
[Round "2"]
[White "Yatseta Fernandez, Marc Kazymyr"]
[Black "Vicent Lázaro, Elena"]
[Result "1-0"]
[WhiteElo "1443"]
[BlackElo "656"]
[TimeControl "180+2"]
[EndTime "10:42:36 PDT"]
[Termination "Victoria de K_73 por abandono"]

1. d4 e6 2. c4 c5 3. Nf3 Na6 4. e4 Bd6 5. d5 exd5 6. exd5 Bb8 7. d6 Qc7 8. dxc7 Nxc7 9. Bf4 Ne6 10. Bxb8 Rxb8 11.
Nc3 Nf6 12. Qd6 1

[Event "Torneo Nuevo Centro. Jornada 10"]
[Site "Chess.com"]
[Date "2020.08.21"]
[Round "2"]
[White "Garrido Silos, Pablo"]
[Black "Fitzpatrick Dimas, Kevin"]
[Result "1-0"]
[WhiteElo "1456"]
[BlackElo "855"]
[TimeControl "180+2"]
[EndTime "10:43:00 PDT"]
[Termination "Victoria de Picotina por abandono"]

1. e4 e5 2. Nf3 Nc6 3. Bb5 Bd6 4. O-O a6 5. Bxc6 bxc6 6. d4 exd4 7. Qxd4 c5 8. Qxg7 Be7 9. Qxh8 Kf8 10. Qxh7 d6 11.
Bh6+ Nxh6 12. Qxh6+ Ke8 13. Nc3 Bg5 14. Nxg5 Be6 15. Nxe6 fxe6 16. Qxe6+ Kf8 17. Qh6+ Ke8 18. Qh8+ Kd7 19. Qxd8+ 1

[Event "Torneo Nuevo Centro. Jornada 10"]
[Site "Chess.com"]
[Date "2020.08.21"]
[Round "2"]
[White "Aguado, Pablo Luis"]
[Black "Granero Roca, Antonio"]
[Result "1-0"]
[WhiteElo "1943"]
[BlackElo "2504"]
[TimeControl "180+2"]
[EndTime "10:43:24 PDT"]
[Termination "Victoria de PLAD_2006 por jaque mate"]

1. d4 Nf6 2. c4 g6 3. Nc3 Bg7 4. e4 d6 5. Nf3 O-O 6. Be2 Bg4 7. Nd2 Bxe2 8. Qxe2 Nfd7 9. Nf3 c5 10.
d5 Na6 11. a3 Nc7 12. O-O a6 13. a4 Rb8 14. a5 e6 15. Bf4 e5 16. Bd2 b5 17. axb6 Rxb6 18. Be3 Qb8 19. Rab1 Rb4 20. Qd3 f5 21. exf5 gxf5 22. Ng5 e4 23. Ncxe4 Ne5 24.
Qc2 fxe4 25. Qxe4 Rxc4 26. Qxh7# 1

[Event "Torneo Nuevo Centro. Jornada 10"]
[Site "Chess.com"]
[Date "2020.08.21"]
[Round "2"]
[White "Chernikov, Vladimir"]
[Black "Zamora Soler, Raul"]
[Result "1-0"]
[WhiteElo "2213"]
[BlackElo "1847"]
[TimeControl "180+2"]
[EndTime "10:44:07 PDT"]
[Termination "Victoria de isla88 por jaque mate"]

1. c4 Nf6 2. Nc3 e6 3. e4 c5 4. Nf3 Nc6 5. d4 cxd4 6. Nxd4 Bb4 7. Nxc6 Bxc3+ 8. bxc3 dxc6 9. Qxd8+ Kxd8 10. f3 h6 11.
Bf4 Ke7 12. c5 Rd8 13. Bd6+ Ke8 14. Bc4 b5 15. Bb3 Nd7 16. Kf2 Bb7 17. Rhd1 a6 18.
f4 Nf6 19. Kf3 Nh7 20. f5 Bc8 21. a4 exf5 22. exf5 f6 23. Re1+ Kd7 24. Re7# 1

[Event "Torneo Nuevo Centro. Jornada 10"]
[Site "Chess.com"]
[Date "2020.08.21"]
[Round "2"]
[White "Donate Moreno, Silvia"]
[Black "Polikarpov, Anton"]
[Result "1-0"]
[WhiteElo "1772"]
[BlackElo "1207"]
[TimeControl "180+2"]
[EndTime "10:44:18 PDT"]
[Termination "Victoria de monetesSAL por abandono"]

1. e4 e5 2. Nf3 Nc6 3. Bb5 d6 4. d4 Bg4 5. d5 a6 6. dxc6 axb5 7. cxb7 Rb8 8. h3 Bh5 9. Nc3 Rxb7 10. g4 Bg6 11. Ng5 h6 12. Qd5 Rb8 13. Nf3 Qf6 14. Qc6+ Kd8 15. Nd5 Qe6 16. Qxc7+ Ke8 17. Qxb8+ Kd7 18.
Qb7+ Kd8 19. Qc7+ Ke8 20. Qa5 Bxe4 21. Nc7+ Kd7 22. Nxe6 Kxe6 23. Ke2 1

[Event "Torneo Nuevo Centro. Jornada 10"]
[Site "Chess.com"]
[Date "2020.08.21"]
[Round "2"]
[White "Miranda Calvo, Max Rodrigo"]
[Black "Lloret Ramis, Juan José"]
[Result "1-0"]
[WhiteElo "1376"]
[BlackElo "1962"]
[TimeControl "180+2"]
[EndTime "10:44:27 PDT"]
[Termination "Victoria de bas-max-miranda por tiempo"]

1. e4 e6 2. d4 d5 3. exd5 exd5 4. Nc3 Nc6 5. Bb5 Bb4 6. Bxc6+ bxc6 7. Qe2+ Ne7 8. Bd2 O-O 9. Nf3 Bg4 10. O-O Nf5 11.
h3 Nxd4 12. Qd3 Nxf3+ 13. gxf3 Bxh3 14. Qd4 1

[Event "Torneo Nuevo Centro. Jornada 10"]
[Site "Chess.com"]
[Date "2020.08.21"]
[Round "2"]
[White "Ursariu, Nikolas Victor"]
[Black "Chofre Murcia, Adrián"]
[Result "0-1"]
[WhiteElo "1091"]
[BlackElo "1675"]
[TimeControl "180+2"]
[EndTime "10:45:00 PDT"]
[Termination "Victoria de Kelorian por jaque mate"]

1. e4 e5 2. Nf3 Nc6 3. Nc3 f5 4.
exf5 Nf6 5. Bc4 d5 6. Bb3 Bxf5 7. d4 exd4 8. Nxd4 Nxd4 9. Qxd4 Qe7+ 10. Be3 c6 11. O-O g6 12. Rfe1 Bg7 13. Qa4 O-O 14. Bg5 Qd6 15. Re2 Ne4 16. Nxe4 Bxe4 17. c3 Bf5 18.
Rae1 Kh8 19. Be7 Qc7 20. Bxf8 Rxf8 21. Re8 Qd6 22. Qxa7 h5 23. Qxb7 Rxe8 24. Rxe8+ Kh7 25. Re7 Qf6 26. Rf7 Qe5 27. a4 Qe1# 0

[Event "Torneo Nuevo Centro. Jornada 10"]
[Site "Chess.com"]
[Date "2020.08.21"]
[Round "2"]
[White "Hassomal Daswani, Birjkumar"]
[Black "Escalona Moncholi, Felix"]
[Result "0-1"]
[WhiteElo "1835"]
[BlackElo "2076"]
[TimeControl "180+2"]
[EndTime "10:45:23 PDT"]
[Termination "Victoria de SchachSpielerESP por abandono"]

1. e4 e6 2. d4 d5 3. e5 c5 4. c3 Nc6 5. Nf3 Bd7 6. Be2 f6 7. exf6 Nxf6 8. O-O Bd6 9. dxc5 Bxc5 10. Bg5 O-O 11. Bh4 Bd6 12. Nbd2 Qc7 13. Re1 Rae8 14. Nf1 Ne4 15. Bg3 Nxg3 16. Nxg3 Bc5 17. Qc2 e5 18.
Rf1 e4 19. Nd4 Qb6 20. Rad1 Nxd4 21. cxd4 Bxd4 22. Qd2 Bxf2+ 23. Kh1 Be6 24. Bh5 e3 25. Qd3 Rd8 26. Ne2 Bf5 27. Qd4 Qxd4 28. Rxd4 Be4 29. Nc3 e2 30. Nxe2 Bxd4 31. Rxf8+ Rxf8 0

[Event "Torneo Nuevo Centro. Jornada 10"]
[Site "Chess.com"]
[Date "2020.08.21"]
[Round "2"]
[White "Pardo Ruiz, Beatriz"]
[Black "Buenafe Moya, Javier"]
[Result "0-1"]
[WhiteElo "1331"]
[BlackElo "1937"]
[TimeControl "180+2"]
[EndTime "10:45:45 PDT"]
[Termination "Victoria de JavierBuenafeMoya por tiempo"]

1. e4 e5 2. Nf3 Nc6 3. Bc4 Bc5 4. Nc3 Nf6 5. d3 h6 6. Be3 Bxe3 7. fxe3 O-O 8. O-O d6 9. h3 Be6 10. Nd5 Na5 11. Nxf6+ Qxf6 12. Bb3 Nxb3 13. axb3 Qg6 14. Kh2 a6 15. Qe2 Qh7 16. Qf2 f5 17. exf5 Rxf5 18.
Qg3 Raf8 19. e4 Rf4 20. Ra4 g5 0

[Event "Torneo Nuevo Centro. Jornada 10"]
[Site "Chess.com"]
[Date "2020.08.21"]
[Round "2"]
[White "Perez Garcia, Jose Miguel"]
[Black "Martínez Escandell, Alfonso"]
[Result "0-1"]
[WhiteElo "2062"]
[BlackElo "1853"]
[TimeControl "180+2"]
[EndTime "10:45:50 PDT"]
[Termination "Victoria de Alfonso10 por abandono"]

1. e4 c5 2. g3 e6 3. Bg2 g6 4.
Ne2 Bg7 5. O-O Ne7 6. c3 O-O 7. d4 cxd4 8. cxd4 d5 9. f3 Nbc6 10. Be3 Qc7 11. Nbc3 Rd8 12. e5 f6 13. f4 Bd7 14.
Nb5 Qb6 15. Nd6 fxe5 16. fxe5 Nxe5 17. Nxb7 Qxb7 18. dxe5 Bxe5 19. Bd4 Bxd4+ 20. Nxd4 Qb6 21. Kh1 e5 22. Nb3 Bb5 23. Re1 e4 24. Nd4 Bd3 25. b3 Qxd4 26. Qg4 Nf5 27. Rf1 Bxf1 28. Rxf1 Ne3 29. Qe6+ Kg7 30. Rf7+ Kh8 31. h3 Nxg2 32.
Kxg2 Rf8 0

[Event "Torneo Nuevo Centro. Jornada 10"]
[Site "Chess.com"]
[Date "2020.08.21"]
[Round "2"]
[White "Méndez Giménez , Néstor Emmanuel"]
[Black "Camison Zornoza, Cesar"]
[Result "0-1"]
[WhiteElo "1235"]
[BlackElo "1792"]
[TimeControl "180+2"]
[EndTime "10:46:11 PDT"]
[Termination "Victoria de cczchess por abandono"]

1. e4 Nf6 2. Nc3 d5 3. d3 dxe4 4. Nxe4 Nxe4 5. dxe4 Qxd1+ 6. Kxd1 e5 7. Nf3 Bd6 8. Bc4 f6 9. Be3 Bg4 10. Bd5 c6 11. Bb3 Nd7 12. h3 Bxf3+ 13. gxf3 Rd8 14. Rg1 g5 15. h4 h6 16. hxg5 hxg5 17. Kd2 Nc5 18.
Bxc5 Bxc5+ 19. Ke2 Rh2 20. Rgf1 Ke7 21. c3 Rdh8 22. Bc2 Rxf2+ 23. Rxf2 Bxf2 24. Kxf2 Rh2+ 25. Ke3 Rxc2 26. Rb1 b5 27. a3 a5 28. b4 a4 29.
Kd3 Ra2 30. c4 Rxa3+ 31. Ke2 bxc4 32. b5 cxb5 33. Rxb5 Rb3 34. Rc5 c3 35. Kd1 a3 36.
Kc2 Rb2+ 37. Kxc3 Rf2 38. Rc7+ Kd6 39. Ra7 Rxf3+ 40. Kc2 g4 41. Kd2 g3 42. Ke2 Rf2+ 43. Ke1 a2 44. Ra6+ Kc5 45. Ra8 Kd4 46. Rd8+ Kxe4 47. Ra8 Rh2 48. Kf1 a1=Q+ 0

[Event "Torneo Nuevo Centro. Jornada 10"]
[Site "Chess.com"]
[Date "2020.08.21"]
[Round "2"]
[White "Grigorev, Artur "]
[Black "Donate Peris, Jose Manuel"]
[Result "0-1"]
[WhiteElo "945"]
[BlackElo "1537"]
[TimeControl "180+2"]
[EndTime "10:46:18 PDT"]
[Termination "Victoria de cheryme por abandono"]

1. e4 e6 2. d4 d5 3. exd5 exd5 4. Nc3 Nf6 5. g3 Be7 6. Bg2 c6 7. Bg5 h6 8. Bxf6 Bxf6 9. Qe2+ Be6 10. O-O-O O-O 11.
f4 Re8 12. Qd3 Bg4 13. Bf3 Bxf3 14. Nxf3 Nd7 15. Rhg1 Nb6 16. g4 Nc4 17. g5 Re3 18. Qf1 hxg5 19. fxg5 Be7 20. g6 fxg6 21. Rxg6 Qf8 22. Qg2 Rxf3 23. Rxg7+ Qxg7 24. Qxg7+ Kxg7 25. Rg1+ Kf7 26. Ne2 Rg8 27. Rxg8 Kxg8 28. Ng3 Rf2 29. Kd1 Rxh2 30. Nf5 Bf6 31. Ne3 0

[Event "Torneo Nuevo Centro. Jornada 10"]
[Site "Chess.com"]
[Date "2020.08.21"]
[Round "2"]
[White "Valverde Alcaide, Miguel Alejandro"]
[Black "Soliva Ruiz, Ramon"]
[Result "0-1"]
[WhiteElo "892"]
[BlackElo "1507"]
[TimeControl "180+2"]
[EndTime "10:46:20 PDT"]
[Termination "Victoria de rasoru por jaque mate"]

1. e4 c5 2. d4 cxd4 3. Qxd4 Nc6 4. Qc4 e6 5. f4 Qb6 6. Qc3 Nf6 7. Be3 Qd8 8. e5 Bb4 9. Qxb4 Nxb4 10. exf6 Nxc2+ 11. Kd1 Nxe3+ 12. Ke2 Nxf1 13. fxg7 Rg8 14. Kxf1 Rxg7 15.
Nc3 Qb6 16. Nf3 d6 17. Rb1 Bd7 18. Ke2 Bb5+ 19. Kd2 Rc8 20. a4 Bc6 21. Kc2 Bxf3 22.
gxf3 Rg2+ 23. Kd3 Rf2 24. Rhg1 Rxf3+ 25. Ke2 Qf2+ 26. Kd1 Rd3+ 27. Kc1 Qd2# 0

[Event "Torneo Nuevo Centro. Jornada 10"]
[Site "Chess.com"]
[Date "2020.08.21"]
[Round "2"]
[White "Bendayán Claros, Aaron"]
[Black "Gutierrez Marco, Dario"]
[Result "0-1"]
[WhiteElo "1990"]
[BlackElo "1834"]
[TimeControl "180+2"]
[EndTime "10:46:21 PDT"]
[Termination "Victoria de rususs por abandono"]

1. d4 d5 2. e3 Nf6 3. Bd3 c6 4. Nd2 a6 5. f4 Bg4 6. Ngf3 e6 7. O-O Be7 8. Qe1 Nbd7 9. Ne5 Bf5 10. Qe2 Qc7 11. c4 Bxd3 12. Qxd3 O-O 13. b3 b5 14. c5 a5 15. Rf3 Ne8 16. Rh3 f5 17. g4 Nxe5 18. fxe5 g6 19. Rg3 Bh4 20. Rg2 fxg4 21. e4 Ng7 22. Nf1 Qf7 23. Bh6 Nh5 24. Bxf8 Nf4 25. Qd2 Rxf8 26. exd5 Nh3+ 27. Kh1 Qxf1+ 0

[Event "Torneo Nuevo Centro. Jornada 10"]
[Site "Chess.com"]
[Date "2020.08.21"]
[Round "2"]
[White "Fitzpatrick Dimas  , Andrew "]
[Black "Morello Ostos, Domingo"]
[Result "0-1"]
[WhiteElo "1055"]
[BlackElo "1660"]
[TimeControl "180+2"]
[EndTime "10:46:24 PDT"]
[Termination "Victoria de dmorello por jaque mate"]

1. e4 c5 2. Nf3 Nc6 3. Nc3 Nf6 4. d4 cxd4 5. Nxd4 e5 6. Nxc6 bxc6 7. Bg5 Bb4 8. Bxf6 Qxf6 9. Qd3 O-O 10. O-O-O Qxf2 11. Rd2 Qc5 12. Na4 Qa5 13. c3 Qxa4 14. a3 Be7 15. Qg3 Rb8 16. Qxe5 Bxa3 17. Qxb8 Be7 18. Bd3 d5 19.
exd5 Qa1+ 20. Bb1 Bf5 21. Qxf8+ Kxf8 22. Kd1 Qxb1+ 23. Ke2 Qxh1 24. dxc6 Qxg2+ 25. Kd1 Qf1# 0

[Event "Torneo Nuevo Centro. Jornada 10"]
[Site "Chess.com"]
[Date "2020.08.21"]
[Round "2"]
[White "Gracia Calvo, Andrés"]
[Black "Blanco Solaz, Ramón"]
[Result "0-1"]
[WhiteElo "1811"]
[BlackElo "2006"]
[TimeControl "180+2"]
[EndTime "10:46:30 PDT"]
[Termination "Victoria de Rbs77 por abandono"]

1. d4 Nf6 2. Nf3 g6 3. Bf4 Bg7 4. e3 O-O 5. c4 d6 6. Nc3 c5 7. h3 cxd4 8. exd4 Qa5 9. Bd3 Nc6 10. a3 Qb6 11. Be3 Qd8 12. O-O e5 13. Bc2 Re8 14.
Re1 Nh5 15. Qd2 f5 16. Bg5 Bf6 17. Nd5 Bxg5 18. Nxg5 Nxd4 19. h4 Nf6 20. Nxf6+ Qxf6 21. Ba4 Rf8 22. Rac1 Kg7 23. c5 h6 24. Nh3 d5 25. g3 Be6 26. Kh2 Nf3+ 0

[Event "Torneo Nuevo Centro. Jornada 10"]
[Site "Chess.com"]
[Date "2020.08.21"]
[Round "2"]
[White "Montesinos Diaz, Luis"]
[Black "Serarols Mabras, Bernat"]
[Result "0-1"]
[WhiteElo "1870"]
[BlackElo "2384"]
[TimeControl "180+2"]
[EndTime "10:46:34 PDT"]
[Termination "Victoria de bernatserarols por jaque mate"]

1. d4 d5 2. Nf3 Nf6 3. e3 c5 4. Bd3 Nc6 5. b3 cxd4 6. exd4 Bg4 7. Nbd2 e6 8. Bb2 Bd6 9. a3 O-O 10. O-O Rc8 11. c4 Bf4 12. Be2 b6 13. Rc1 dxc4 14. bxc4 Bxf3 15. Nxf3 Bxc1 16. Qxc1 Na5 17. c5 Qd5 18.
Ne5 bxc5 19. Bf3 Qd6 20. dxc5 Rxc5 21. Qe3 Nc4 22. Nxc4 Rxc4 23. Rd1 Qe7 24. h3 Rfc8 25. Qg5 h6 26. Qg3 a5 27. Rd7 Rc1+ 28. Kh2 Qxd7 29.
Bxf6 g6 30. Qh4 Qd6+ 31. g3 Qd2 32. Kg2 Qe1 33. Be4 Qh1# 0

[Event "Torneo Nuevo Centro. Jornada 10"]
[Site "Chess.com"]
[Date "2020.08.21"]
[Round "2"]
[White "Fente Fernandez, Jose Ignacio"]
[Black "Maestre Soler, Sergio"]
[Result "1-0"]
[WhiteElo "1528"]
[BlackElo "925"]
[TimeControl "180+2"]
[EndTime "10:46:38 PDT"]
[Termination "Victoria de SrFente por jaque mate"]

1. e4 e5 2. Nf3 Bc5 3. Bc4 h6 4.
c3 Nc6 5. d4 exd4 6. cxd4 Bb4+ 7. Bd2 Bxd2+ 8. Nbxd2 Nf6 9. e5 Ng4 10. h3 Nxf2 11. Kxf2 d6 12. exd6 cxd6 13. Re1+ Kf8 14. d5 Ne7 15. Ne4 Bf5 16. Nd4 Bxe4 17. Rxe4 Ng6 18.
Qf3 Qf6 19. Rae1 Ne5 20. Qxf6 gxf6 21. Bb5 a6 22. Ba4 Nd3+ 23. Kg1 Nxe1 24. Rxe1 Rc8 25. Nf5 Rc4 26. Re8# 1

[Event "Torneo Nuevo Centro. Jornada 10"]
[Site "Chess.com"]
[Date "2020.08.21"]
[Round "2"]
[White "Bosch Jordà, Ricard"]
[Black "Sampedro Roig, Josep Francesc"]
[Result "0-1"]
[WhiteElo "1933"]
[BlackElo "1824"]
[TimeControl "180+2"]
[EndTime "10:46:51 PDT"]
[Termination "Victoria de Abrekurios por tiempo"]

1. e4 Nf6 2. Nc3 d5 3. exd5 Nxd5 4. Nxd5 Qxd5 5. Nf3 e5 6. c4 Qa5 7. Be2 Be7 8. O-O O-O 9. d3 Nc6 10. a3 Bf5 11.
Be3 Nd4 12. Nxd4 exd4 13. Bxd4 Bg6 14. Bc3 Qf5 15. d4 Rad8 16. Re1 c5 17. d5 Bd6 18. Bg4 Qf4 19. b3 Qxh2+ 20. Kf1 Rfe8 21. f3 Bg3 22. Rxe8+ Rxe8 23. Be5 Qh1+ 24. Ke2 Rxe5+ 25. Kd2 Qxg2+ 26. Kc3 Re3+ 0